 Dungeon Crawl Stone Soup version 0.21.1-1-g345015f (webtiles) character file.

169 pk666 the Magician (level 5, -2/28 HPs)
             Began as a Deep Elf Wizard on Feb 13, 2018.
             Was an Initiate of Vehumet.
             Killed from afar by an orc wizard (8 damage)
             ... with a magic dart
             ... on level 3 of the Dungeon.
             The game lasted 00:07:03 (3293 turns).

pk666 the Magician (Deep Elf Wizard)                Turns: 3293, Time: 00:07:04

Health: -2/28      AC:  2    Str:  4    XL:     5   Next: 25%
Magic:  1/14       EV: 13    Int: 24    God:    Vehumet [......]
Gold:   127        SH:  0    Dex: 13    Spells: 5/14 levels left

rFire    . . .     SeeInvis .   i - -2 dagger (curse)
rCold    . . .     Gourm    .   (no shield)
rNeg     . . .     Faith    .   a - +0 robe
rPois    .         Spirit   .   b - +0 hat
rElec    .         Reflect  .   (no cloak)
rCorr    .         Harm     .   (no gloves)
MR       .....                  (no boots)
Stlth    ++........             o - amulet of regeneration
HPRegen  0.49/turn              (no ring)
MPRegen  0.14/turn              (no ring)

@: no status effects
A: no striking features
a: Renounce Religion


You were on level 3 of the Dungeon.
You worshipped Vehumet.
Vehumet was noncommittal.
You were not hungry.

You visited 1 branch of the dungeon, and saw 3 of its levels.

You collected 127 gold pieces.

Inventory:

Hand Weapons
 e - a +1 dagger
 i - a cursed -2 dagger (weapon)
Armour
 a - a +0 robe (worn)
 b - a +0 hat (worn)
Jewellery
 o - an amulet of regeneration (around neck)
Scrolls
 h - 4 scrolls of identify
 j - a scroll of random uselessness {unknown}
 k - a scroll of teleportation
 l - a scroll of enchant weapon
 m - a scroll of fog {unknown}
Potions
 f - 2 potions of might
 g - a potion of curing {unknown}
 n - 2 potions of brilliance {unknown}
 p - a potion of agility {unknown}
Books
 c - a book of Minor Magic

   Spells                             Type                      Level
   a - Magic Dart                     Conjuration                  1
   b - Blink                          Translocation                2
   c - Call Imp                       Summoning                    2
   d - Slow                           Hexes                        2
   e - Conjure Flame                  Conjuration/Fire             3
   f - Mephitic Cloud                 Conjuration/Poison/Air       3
Comestibles
 d - 7 rations
 q - 3 chunks of flesh


   Skills:
 + Level 1.8 Short Blades
 + Level 0.4 Throwing
 + Level 3.6 Dodging
 - Level 2.4 Stealth
 + Level 5.3 Spellcasting
 + Level 2.5 Conjurations
   Level 1.1 Summonings
 - Level 1.1 Translocations
 * Level 1.1 Fire Magic
 * Level 1.0 Air Magic
 * Level 1.0 Poison Magic


You had 5 spell levels left.
You knew the following spells:

 Your Spells              Type           Power        Failure   Level  Hunger
a - Magic Dart            Conj           ###.         3%          1    None
b - Blink                 Tloc           N/A          9%          2    None
d - Conjure Flame         Conj/Fire      ###.....     12%         3    ##.....
z - Mephitic Cloud        Conj/Pois/Air  ##......     14%         3    ##.....


Dungeon Overview and Level Annotations

Branches:
Dungeon (3/15)

Altars:
Gozag
Vehumet
Yredelemnul


Message History

Aim: an orc wizard, wielding a dagger and wearing a robe (heavily wounded, fast)
The magic dart hits the orc wizard.
The orc wizard is severely wounded.
You hit the orc wizard but do no damage.
The orc wizard is severely wounded.
The orc wizard gestures at you while chanting.
The magic dart hits you!
The orc wizard hits you but does no damage.
You miss the orc wizard.
The orc wizard is severely wounded.
The orc wizard points at you and mumbles some strange words.
The puff of flame hits you!
The orc wizard points at you and mumbles some strange words.
The puff of flame hits you!
* * * LOW HITPOINT WARNING * * *
The orc wizard hits you with a dagger.
* * * LOW HITPOINT WARNING * * *
The orc wizard gestures at you while chanting.
The magic dart hits you!
You die...

#..............##...####.....
#................._..........
#.......)....####...##.......
#............# ##.###.......
#............# #.###.).....
#............# #...........
#.........o..#####...........
#...................#........
#...^.......@.......#........
#...................####.....
########....##...#######.....
#....##........##.....
#....##........##.....
#....##.............).
#....##.............##
#....##.............##
#....##...............


You could see an orc wizard.

Vanquished Creatures
  2 orc priests (D:3)
  2 adders (D:3)
  2 worms (D:2)
  5 dart slugs (D:1)
  2 leopard geckos
  8 orcs (D:3)
  2 ball pythons (D:1)
  5 bats
  2 giant cockroaches
  7 goblins
  7 hobgoblins
  7 jackals
  2 quokkas (D:3)
  2 frilled lizards
  5 kobolds
  4 rats
64 creatures vanquished.

Notes
Turn   | Place    | Note
-------+----------+-------------------------------------------
     0 | D:1      | pk666 the Deep Elf Wizard began the quest for the Orb.
     0 | D:1      | Reached XP level 1. HP: 10/10 MP: 7/7
   206 | D:1      | Reached XP level 2. HP: 15/15 MP: 3/9
   672 | D:1      | Reached XP level 3. HP: 19/19 MP: 2/11
   846 | D:1      | Reached skill level 1 in Short Blades
  1066 | D:1      | Reached skill level 5 in Spellcasting
  1625 | D:2      | Found a basalt altar of Yredelemnul.
  2030 | D:2      | Found an opulent altar of Gozag.
  2184 | D:3      | Reached XP level 4. HP: 24/24 MP: 9/13
  2369 | D:3      | Found a radiant altar of Vehumet.
  2631 | D:2      | Learned a level 2 spell: Blink
  2635 | D:2      | Learned a level 3 spell: Mephitic Cloud
  2639 | D:2      | Learned a level 3 spell: Conjure Flame
  2987 | D:3      | Became a worshipper of Vehumet
  3207 | D:3      | Reached XP level 5. HP: 28/28 MP: 5/14
  3257 | D:3      | Reached skill level 1 in Fire Magic
  3266 | D:3      | Reached skill level 1 in Air Magic
  3266 | D:3      | Reached skill level 1 in Poison Magic
  3293 | D:3      | Killed from afar by an orc wizard

Skill      XL: |  1  2  3  4  5 |
---------------+----------------+-----
Dodging        | 3 |  3.6
Conjurations   | 2 |  2.5
Short Blades   | 1 |  1.8
Spellcasting   | 5 |  5.3
Fire Magic     | 1 |  1.1
Air Magic      | 1 |  1.0
Poison Magic   | 1 |  1.0
Throwing       | |  0.4
Stealth        | |  2.4
Summonings     | |  1.1
Translocations | |  1.1

Action                   |  1- 3 |  4- 6 || total
-------------------------+-------+-------++-------
Melee: Dagger            |     3 |     4 ||     7
 Cast: Magic Dart        |   107 |    74 ||   181
  Use: Scroll            |     4 |       ||     4
  Eat: Chunk             |     3 |     4 ||     7
Dodge: Dodged            |    15 |     5 ||    20
